[ AOE2 MATCH · #475425149 ]
Team RMVikings vs Franks
[ REPLAY ANALYSIS · EXTRACTED FROM THE RECORDED GAME ]
Feudal
15:30
Castle
23:30
Imperial
44:52
| APM avg | 18.7 |
| APM peak | 48 |
| eAPM avg | 10.5 |
| Villagers / military | 56 / 62 |
Focus
⚔️ 32.5% · 🌾 67.5%
Berserk ×37 · Longboat ×13 · Trade Cog ×9 · Fishing Ship ×9 · Cannon Galleon ×4 · Unknown (2626) ×4
Feudal
15:33
Castle
23:56
Imperial
44:13
| APM avg | 17.7 |
| APM peak | 33 |
| eAPM avg | 12.4 |
| Villagers / military | 77 / 123 |
Focus
⚔️ 34.3% · 🌾 65.7%
Steppe Lancer ×64 · Mangudai ×31 · Trade Cog ×12 · Fishing Ship ×9 · Scout Cavalry ×7 · Cavalry Archer ×6
Feudal
18:35
Castle
28:13
Imperial
49:28
| APM avg | 24.4 |
| APM peak | 63 |
| eAPM avg | 14.5 |
| Villagers / military | 107 / 232 |
Focus
⚔️ 44.3% · 🌾 55.7%
Skirmisher ×191 · Camel Scout ×29 · Trade Cart ×18 · Fishing Ship ×9 · Galley ×5 · Archer ×3
Feudal
18:56
Castle
25:34
Imperial
52:10
| APM avg | 17.4 |
| APM peak | 45 |
| eAPM avg | 7.9 |
| Villagers / military | 64 / 48 |
Focus
⚔️ 25.8% · 🌾 74.2%
Janissary ×32 · Camel Scout ×8 · Fire Galley ×5 · Fishing Ship ×5 · Unknown (2626) ×4 · Trebuchet (Packed) ×2
Feudal
—
Castle
—
Imperial
—
| APM avg | 16.9 |
| APM peak | 35 |
| eAPM avg | 11.8 |
| Villagers / military | 147 / 229 |
Focus
⚔️ 27.4% · 🌾 72.6%
Knight ×103 · Scout Cavalry ×75 · Spearman ×41 · Trade Cart ×17 · Throwing Axeman ×7 · Fishing Ship ×5
Feudal
15:14
Castle
24:42
Imperial
—
| APM avg | 10.6 |
| APM peak | 29 |
| eAPM avg | 9.5 |
| Villagers / military | 133 / 95 |
Focus
⚔️ 23.1% · 🌾 76.9%
Archer ×34 · Militia ×28 · Spearman ×20 · Skirmisher ×8 · Monk ×2 · Centurion ×2
Match map
Initial resources + every placement click. Lines = walls · curves = elevation contours. ◆ gold · ⬟ stone · ● berries · ✦ relic · ◌ wall gap
Inputs per minute
— filas95 - - Swebbington
Build order — filas95
First 150 of 226 actions detected
| 0:20 | Build | Town Center |
| 0:45 | Build | Town Center |
| 1:41 | Build | House |
| 1:42 | Build | House |
| 2:50 | Build | Dock |
| 3:00 | Create | Villager (Male) |
| 3:00 | Create | Villager (Male) |
| 3:00 | Create | Villager (Male) |
| 3:01 | Create | Villager (Male) |
| 3:01 | Create | Villager (Male) |
| 4:40 | Create | Fishing Ship |
| 4:55 | Research | Loom |
| 4:57 | Create | Fishing Ship |
| 4:57 | Create | Fishing Ship |
| 5:36 | Create | Fishing Ship |
| 6:20 | Create | Fishing Ship |
| 6:32 | Create | Villager (Male) |
| 6:32 | Create | Villager (Male) |
| 7:12 | Create | Villager (Male) |
| 7:12 | Create | Villager (Male) |
| 7:12 | Create | Villager (Male) |
| 7:12 | Create | Villager (Male) |
| 8:04 | Create | Villager (Male) |
| 8:04 | Create | Villager (Male) |
| 8:05 | Create | Villager (Male) |
| 8:05 | Create | Villager (Male) |
| 8:11 | Build | House |
| 8:14 | Build | House |
| 9:24 | Create | Fishing Ship |
| 9:24 | Create | Fishing Ship |
| 10:13 | Create | Villager (Male) |
| 10:13 | Create | Villager (Male) |
| 10:28 | Create | Villager (Male) |
| 10:53 | Create | Fishing Ship |
| 11:05 | Build | Mining Camp |
| 11:47 | Build | Barracks |
| 11:52 | Create | Fishing Ship |
| 12:05 | Build | House |
| 12:26 | Build | Mill |
| 12:42 | Build | Palisade Gate |
| 13:06 | Create | Transport Ship |
| 13:20 | Research | Feudal Age |
| 13:48 | Build | House |
| 13:51 | Build | House |
| 14:34 | Create | Villager (Male) |
| 14:34 | Create | Villager (Male) |
| 14:34 | Create | Villager (Male) |
| 14:34 | Create | Villager (Male) |
| 14:52 | Build | House |
| 14:53 | Build | House |
| 15:30 | Age | Feudal Age |
| 15:30 | Build | Dock |
| 15:36 | Create | Unit 2626 |
| 16:15 | Build | Mining Camp |
| 16:32 | Build | Palisade Gate |
| 16:43 | Create | Villager (Male) |
| 16:43 | Create | Villager (Male) |
| 16:44 | Create | Villager (Male) |
| 16:49 | Create | Unit 2626 |
| 16:51 | Create | Unit 2626 |
| 17:08 | Build | House |
| 17:39 | Create | Unit 2626 |
| 17:46 | Build | Mill |
| 18:01 | Build | Mill |
| 18:37 | Build | Blacksmith |
| 19:08 | Build | Lumber Camp |
| 19:49 | Build | Archery Range |
| 19:55 | Build | Palisade Wall |
| 20:25 | Create | Villager (Male) |
| 20:28 | Research | Double-Bit Axe |
| 20:44 | Research | Castle Age |
| 21:06 | Research | Horse Collar |
| 21:34 | Research | Fletching |
| 22:31 | Research | Gold Mining |
| 23:30 | Age | Castle Age |
| 23:31 | Create | Longboat |
| 23:31 | Create | Longboat |
| 23:31 | Create | Longboat |
| 23:31 | Create | Longboat |
| 23:32 | Create | Longboat |
| 23:58 | Build | Castle |
| 24:44 | Create | Villager (Male) |
| 24:45 | Create | Villager (Male) |
| 24:45 | Create | Villager (Male) |
| 24:45 | Create | Villager (Male) |
| 24:51 | Build | Town Center |
| 25:11 | Create | Longboat |
| 25:12 | Create | Longboat |
| 25:12 | Create | Longboat |
| 25:12 | Create | Longboat |
| 25:20 | Build | Farm |
| 25:21 | Build | Farm |
| 25:21 | Build | Farm |
| 25:21 | Build | Farm |
| 26:22 | Create | Berserk |
| 26:22 | Create | Berserk |
| 26:22 | Create | Berserk |
| 26:47 | Build | Farm |
| 26:47 | Build | Farm |
| 26:48 | Build | Farm |
| 27:05 | Create | Berserk |
| 27:05 | Create | Berserk |
| 27:06 | Create | Berserk |
| 27:15 | Create | Villager (Male) |
| 27:16 | Create | Villager (Male) |
| 28:10 | Create | Berserk |
| 28:10 | Create | Berserk |
| 28:37 | Research | Scale Mail Armor |
| 28:42 | Build | Farm |
| 28:44 | Create | Villager (Male) |
| 29:37 | Build | Town Center |
| 29:39 | Build | Farm |
| 29:39 | Build | Farm |
| 29:43 | Build | Farm |
| 29:57 | Research | Forging |
| 30:18 | Research | Gambesons |
| 30:19 | Research | Squires |
| 30:21 | Research | Arson |
| 30:37 | Build | Mining Camp |
| 30:46 | Create | Trade Cog |
| 30:46 | Create | Trade Cog |
| 30:47 | Create | Trade Cog |
| 30:47 | Create | Trade Cog |
| 30:47 | Create | Trade Cog |
| 31:25 | Build | Siege Workshop |
| 31:52 | Create | Battering Ram |
| 31:52 | Create | Battering Ram |
| 32:09 | Create | Villager (Male) |
| 32:10 | Create | Villager (Male) |
| 32:10 | Create | Villager (Male) |
| 32:29 | Create | Berserk |
| 32:30 | Create | Berserk |
| 32:30 | Create | Berserk |
| 32:40 | Research | Iron Casting |
| 32:45 | Build | Farm |
| 32:48 | Build | Farm |
| 32:49 | Build | Farm |
| 33:10 | Create | Berserk |
| 33:10 | Create | Berserk |
| 33:33 | Create | Battering Ram |
| 34:04 | Build | Fish Trap |
| 34:05 | Build | Fish Trap |
| 36:04 | Research | Bodkin Arrow |
| 36:42 | Create | Spearman |
| 36:42 | Create | Spearman |
| 37:01 | Create | Berserk |
| 37:01 | Create | Berserk |
| 37:01 | Create | Berserk |
| 37:01 | Create | Berserk |
| 37:46 | Create | Longboat |
Build order — Swebbington
First 150 of 358 actions detected
| 1:17 | Build | Town Center |
| 2:28 | Build | House |
| 3:35 | Create | Villager (Male) |
| 3:35 | Create | Villager (Male) |
| 3:35 | Create | Villager (Male) |
| 3:36 | Create | Villager (Male) |
| 4:53 | Create | Villager (Male) |
| 5:32 | Create | Villager (Male) |
| 5:43 | Build | House |
| 6:24 | Create | Villager (Male) |
| 7:12 | Create | Villager (Male) |
| 7:12 | Create | Villager (Male) |
| 7:13 | Create | Villager (Male) |
| 7:41 | Build | Mill |
| 8:14 | Create | Villager (Male) |
| 8:37 | Build | Dock |
| 8:50 | Create | Villager (Male) |
| 8:51 | Create | Villager (Male) |
| 9:02 | Build | House |
| 9:33 | Create | Transport Ship |
| 9:37 | Create | Fishing Ship |
| 9:39 | Create | Fishing Ship |
| 9:58 | Build | Farm |
| 10:06 | Create | Villager (Male) |
| 10:15 | Build | Farm |
| 10:16 | Create | Villager (Male) |
| 10:29 | Build | House |
| 10:53 | Build | Mill |
| 11:08 | Create | Villager (Male) |
| 11:08 | Create | Villager (Male) |
| 11:08 | Create | Villager (Male) |
| 11:33 | Create | Fishing Ship |
| 11:44 | Build | House |
| 12:01 | Build | Lumber Camp |
| 12:08 | Create | Villager (Male) |
| 12:40 | Create | Transport Ship |
| 12:47 | Create | Villager (Male) |
| 12:55 | Build | House |
| 13:16 | Create | Villager (Male) |
| 13:23 | Research | Feudal Age |
| 14:18 | Create | Fishing Ship |
| 14:54 | Build | Mining Camp |
| 15:00 | Create | Villager (Male) |
| 15:12 | Create | Villager (Male) |
| 15:15 | Create | Fishing Ship |
| 15:17 | Create | Fishing Ship |
| 15:24 | Build | Barracks |
| 15:30 | Build | Farm |
| 15:32 | Build | Farm |
| 15:33 | Age | Feudal Age |
| 15:39 | Create | Unit 2626 |
| 15:58 | Create | Villager (Male) |
| 15:58 | Create | Villager (Male) |
| 16:01 | Build | Farm |
| 16:04 | Create | Villager (Male) |
| 16:06 | Research | Loom |
| 16:10 | Create | Fishing Ship |
| 16:39 | Build | Archery Range |
| 16:44 | Build | Palisade Wall |
| 16:48 | Create | Villager (Male) |
| 16:56 | Build | Blacksmith |
| 17:14 | Create | Villager (Male) |
| 17:18 | Build | House |
| 17:20 | Build | House |
| 17:52 | Build | House |
| 17:56 | Build | House |
| 17:57 | Build | House |
| 17:59 | Build | House |
| 18:18 | Build | Stable |
| 18:22 | Build | Farm |
| 18:32 | Create | Unit 2626 |
| 18:46 | Build | Lumber Camp |
| 19:25 | Build | Farm |
| 19:28 | Create | Villager (Male) |
| 19:31 | Build | Farm |
| 19:38 | Create | Scout Cavalry |
| 19:43 | Build | Farm |
| 19:52 | Create | Villager (Male) |
| 19:52 | Create | Villager (Male) |
| 20:24 | Create | Villager (Male) |
| 20:49 | Build | Farm |
| 21:16 | Research | Castle Age |
| 21:23 | Create | Fishing Ship |
| 21:23 | Create | Fishing Ship |
| 21:28 | Build | Farm |
| 21:33 | Research | Horse Collar |
| 22:34 | Research | Scale Barding Armor |
| 22:36 | Research | Double-Bit Axe |
| 22:41 | Create | Villager (Male) |
| 22:41 | Create | Villager (Male) |
| 23:02 | Build | Fish Trap |
| 23:05 | Build | Fish Trap |
| 23:08 | Build | Fish Trap |
| 23:56 | Age | Castle Age |
| 24:09 | Create | Fire Galley |
| 24:09 | Create | Fire Galley |
| 24:20 | Build | Town Center |
| 24:25 | Create | Steppe Lancer |
| 24:25 | Create | Steppe Lancer |
| 24:26 | Research | Bloodlines |
| 24:32 | Research | Forging |
| 24:35 | Build | Farm |
| 24:36 | Create | Villager (Male) |
| 24:37 | Create | Villager (Male) |
| 25:17 | Build | Stable |
| 25:42 | Create | Villager (Male) |
| 25:43 | Create | Villager (Male) |
| 25:43 | Create | Villager (Male) |
| 25:56 | Create | Cavalry Archer |
| 25:56 | Create | Cavalry Archer |
| 26:01 | Research | Fletching |
| 26:04 | Research | Iron Casting |
| 26:31 | Create | Villager (Male) |
| 26:31 | Create | Villager (Male) |
| 26:31 | Create | Villager (Male) |
| 26:31 | Create | Villager (Male) |
| 26:37 | Build | Farm |
| 26:38 | Build | Farm |
| 26:38 | Build | Farm |
| 26:47 | Build | Farm |
| 26:50 | Create | Steppe Lancer |
| 27:25 | Build | Farm |
| 27:26 | Build | Farm |
| 27:28 | Build | Farm |
| 27:33 | Create | Villager (Male) |
| 27:33 | Create | Villager (Male) |
| 27:45 | Build | Farm |
| 27:47 | Build | Farm |
| 28:45 | Build | Lumber Camp |
| 28:48 | Create | Villager (Male) |
| 28:48 | Create | Villager (Male) |
| 28:50 | Research | Town Watch |
| 28:55 | Build | Farm |
| 29:00 | Create | Camel Scout |
| 29:07 | Create | Steppe Lancer |
| 29:07 | Create | Steppe Lancer |
| 29:12 | Create | Cavalry Archer |
| 29:12 | Create | Cavalry Archer |
| 29:20 | Build | Farm |
| 29:26 | Build | Farm |
| 30:04 | Create | Trade Cog |
| 30:05 | Create | Trade Cog |
| 30:15 | Build | House |
| 30:16 | Build | House |
| 30:17 | Build | House |
| 30:18 | Build | House |
| 30:33 | Research | Bodkin Arrow |
| 30:35 | Research | Husbandry |
| 31:51 | Build | Castle |
| 33:06 | Build | House |
Build order — Friedrich der Teufelsjäger
First 150 of 534 actions detected
| 3:09 | Build | Town Center |
| 3:18 | Build | House |
| 3:19 | Build | House |
| 5:08 | Create | Villager (Male) |
| 5:08 | Create | Villager (Male) |
| 5:08 | Create | Villager (Male) |
| 5:09 | Create | Villager (Male) |
| 6:35 | Create | Villager (Male) |
| 6:36 | Create | Villager (Male) |
| 8:07 | Build | Dock |
| 8:55 | Create | Villager (Male) |
| 8:56 | Create | Villager (Male) |
| 8:56 | Create | Villager (Male) |
| 8:56 | Create | Villager (Male) |
| 8:57 | Create | Villager (Male) |
| 9:49 | Create | Fishing Ship |
| 10:02 | Build | House |
| 10:14 | Create | Villager (Male) |
| 10:26 | Create | Villager (Male) |
| 11:15 | Create | Fishing Ship |
| 11:41 | Create | Villager (Male) |
| 11:41 | Create | Villager (Male) |
| 11:46 | Build | House |
| 11:47 | Build | House |
| 12:28 | Create | Villager (Male) |
| 12:29 | Create | Villager (Male) |
| 12:29 | Create | Villager (Male) |
| 12:33 | Create | Fishing Ship |
| 13:12 | Create | Fishing Ship |
| 13:50 | Create | Villager (Male) |
| 13:51 | Create | Villager (Male) |
| 13:56 | Create | Fishing Ship |
| 14:34 | Create | Villager (Male) |
| 14:35 | Create | Villager (Male) |
| 14:38 | Create | Fishing Ship |
| 14:38 | Create | Fishing Ship |
| 14:45 | Build | House |
| 14:46 | Build | House |
| 14:52 | Build | Mill |
| 15:11 | Create | Villager (Male) |
| 15:48 | Build | Mining Camp |
| 15:57 | Research | Loom |
| 15:57 | Research | Feudal Age |
| 16:00 | Create | Fishing Ship |
| 16:01 | Create | Fishing Ship |
| 16:52 | Build | Barracks |
| 16:54 | Build | House |
| 17:22 | Build | Mining Camp |
| 18:35 | Age | Feudal Age |
| 18:36 | Build | House |
| 18:55 | Create | Transport Ship |
| 19:10 | Create | Villager (Male) |
| 19:11 | Create | Villager (Male) |
| 19:20 | Build | Lumber Camp |
| 19:32 | Build | Lumber Camp |
| 19:40 | Build | Farm |
| 19:40 | Build | Farm |
| 20:12 | Build | Mining Camp |
| 21:39 | Create | Galley |
| 21:39 | Create | Galley |
| 21:39 | Create | Galley |
| 21:40 | Create | Galley |
| 21:40 | Create | Galley |
| 22:21 | Build | Archery Range |
| 22:22 | Build | Archery Range |
| 22:47 | Create | Villager (Male) |
| 22:47 | Create | Villager (Male) |
| 22:47 | Create | Villager (Male) |
| 22:48 | Create | Villager (Male) |
| 22:49 | Create | Villager (Male) |
| 23:00 | Build | Market |
| 23:06 | Research | Horse Collar |
| 23:10 | Research | Double-Bit Axe |
| 23:17 | Create | Villager (Male) |
| 23:18 | Create | Villager (Male) |
| 23:30 | Research | Tech 906 |
| 24:46 | Create | Villager (Male) |
| 24:46 | Create | Villager (Male) |
| 24:46 | Create | Villager (Male) |
| 25:20 | Build | Stable |
| 25:21 | Build | Stable |
| 25:28 | Build | Farm |
| 25:28 | Build | Farm |
| 25:28 | Build | Farm |
| 25:28 | Build | Farm |
| 25:33 | Research | Castle Age |
| 26:00 | Create | Villager (Male) |
| 27:45 | Create | Villager (Male) |
| 27:45 | Create | Villager (Male) |
| 28:13 | Age | Castle Age |
| 28:35 | Build | Market |
| 28:39 | Build | Mining Camp |
| 28:54 | Create | Villager (Male) |
| 28:54 | Create | Villager (Male) |
| 28:56 | Research | Wheelbarrow |
| 29:01 | Build | Stable |
| 29:24 | Research | Husbandry |
| 29:25 | Create | Camel Scout |
| 29:25 | Create | Camel Scout |
| 29:25 | Create | Camel Scout |
| 29:25 | Create | Camel Scout |
| 29:26 | Create | Camel Scout |
| 29:26 | Create | Camel Scout |
| 29:30 | Build | Farm |
| 30:07 | Research | Stone Mining |
| 30:07 | Research | Gold Mining |
| 30:38 | Create | Camel Scout |
| 30:56 | Build | Town Center |
| 30:59 | Build | Farm |
| 31:00 | Build | Farm |
| 31:00 | Build | Farm |
| 31:00 | Build | Farm |
| 31:00 | Build | Farm |
| 31:02 | Build | Farm |
| 31:03 | Build | Farm |
| 31:14 | Build | Town Center |
| 31:18 | Build | Stable |
| 31:20 | Build | Stable |
| 31:33 | Build | Blacksmith |
| 31:38 | Research | Bow Saw |
| 31:57 | Create | Trade Cart |
| 31:59 | Create | Trade Cart |
| 31:59 | Create | Trade Cart |
| 31:59 | Create | Trade Cart |
| 32:00 | Create | Trade Cart |
| 32:00 | Create | Trade Cart |
| 32:18 | Create | Camel Scout |
| 32:18 | Create | Camel Scout |
| 32:18 | Create | Camel Scout |
| 32:19 | Create | Camel Scout |
| 32:19 | Create | Camel Scout |
| 32:19 | Create | Camel Scout |
| 32:24 | Build | House |
| 32:24 | Build | House |
| 32:24 | Build | House |
| 32:25 | Build | House |
| 32:34 | Build | Farm |
| 32:34 | Build | Farm |
| 32:51 | Create | Villager (Male) |
| 32:52 | Create | Villager (Male) |
| 32:52 | Create | Villager (Male) |
| 33:10 | Create | Villager (Male) |
| 33:11 | Create | Villager (Male) |
| 33:36 | Create | Camel Scout |
| 33:36 | Create | Camel Scout |
| 33:50 | Build | House |
| 33:50 | Build | House |
| 33:51 | Build | House |
| 33:52 | Build | House |
| 33:54 | Build | Archery Range |
Build order — Crollo
First 150 of 218 actions detected
| 3:56 | Build | Town Center |
| 4:27 | Build | Town Center |
| 6:14 | Create | Villager (Male) |
| 6:15 | Create | Villager (Male) |
| 6:16 | Create | Villager (Male) |
| 6:17 | Create | Villager (Male) |
| 6:26 | Build | House |
| 6:34 | Build | House |
| 7:25 | Create | Villager (Male) |
| 8:45 | Create | Villager (Male) |
| 8:45 | Create | Villager (Male) |
| 9:12 | Create | Villager (Male) |
| 10:10 | Build | Dock |
| 10:35 | Create | Villager (Male) |
| 10:36 | Create | Villager (Male) |
| 11:08 | Create | Villager (Male) |
| 11:10 | Create | Villager (Male) |
| 11:14 | Create | Fishing Ship |
| 11:14 | Create | Fishing Ship |
| 11:30 | Create | Villager (Male) |
| 11:41 | Build | House |
| 11:56 | Create | Villager (Male) |
| 12:48 | Create | Transport Ship |
| 13:18 | Build | House |
| 14:11 | Build | Mill |
| 15:13 | Create | Fishing Ship |
| 15:14 | Create | Fishing Ship |
| 15:33 | Build | Mill |
| 16:46 | Research | Feudal Age |
| 16:55 | Create | Villager (Male) |
| 16:55 | Create | Villager (Male) |
| 17:06 | Create | Fishing Ship |
| 18:56 | Age | Feudal Age |
| 19:13 | Build | Mining Camp |
| 19:48 | Build | House |
| 19:59 | Research | Wheelbarrow |
| 20:00 | Create | Villager (Male) |
| 20:00 | Create | Villager (Male) |
| 20:18 | Build | Blacksmith |
| 20:40 | Build | Market |
| 21:14 | Build | Farm |
| 21:23 | Build | Stone Wall |
| 21:31 | Create | Villager (Male) |
| 21:31 | Create | Villager (Male) |
| 22:34 | Research | Castle Age |
| 22:58 | Create | Unit 2626 |
| 22:58 | Create | Unit 2626 |
| 23:08 | Create | Fire Galley |
| 23:44 | Build | House |
| 23:46 | Build | House |
| 23:48 | Build | House |
| 23:54 | Create | Villager (Male) |
| 23:55 | Create | Villager (Male) |
| 24:18 | Build | Lumber Camp |
| 25:02 | Build | Mining Camp |
| 25:28 | Research | Double-Bit Axe |
| 25:34 | Age | Castle Age |
| 26:19 | Build | Barracks |
| 26:59 | Build | Town Center |
| 27:44 | Create | Unit 2626 |
| 27:45 | Create | Unit 2626 |
| 27:46 | Create | Fire Galley |
| 27:46 | Create | Fire Galley |
| 28:13 | Build | Stable |
| 28:25 | Build | Stable |
| 28:40 | Create | Villager (Male) |
| 28:40 | Create | Villager (Male) |
| 28:41 | Create | Villager (Male) |
| 28:42 | Research | Hand Cart |
| 28:58 | Create | Villager (Male) |
| 28:58 | Create | Villager (Male) |
| 29:23 | Create | Fire Galley |
| 29:23 | Create | Fire Galley |
| 30:47 | Create | Villager (Male) |
| 30:47 | Create | Villager (Male) |
| 30:47 | Create | Villager (Male) |
| 30:48 | Create | Villager (Male) |
| 30:49 | Create | Villager (Male) |
| 31:04 | Build | Archery Range |
| 31:37 | Build | Town Center |
| 32:17 | Build | Farm |
| 32:23 | Build | Farm |
| 32:31 | Build | House |
| 32:34 | Build | House |
| 32:35 | Build | House |
| 32:53 | Create | Villager (Male) |
| 32:53 | Create | Villager (Male) |
| 32:55 | Create | Villager (Male) |
| 32:55 | Create | Villager (Male) |
| 32:56 | Create | Villager (Male) |
| 33:02 | Build | Farm |
| 33:05 | Build | Farm |
| 33:10 | Build | Farm |
| 33:13 | Build | Farm |
| 33:36 | Build | Castle |
| 33:51 | Build | Stone Wall |
| 34:20 | Create | Villager (Male) |
| 34:20 | Create | Villager (Male) |
| 34:21 | Create | Villager (Male) |
| 34:21 | Create | Villager (Male) |
| 34:22 | Create | Villager (Male) |
| 34:23 | Create | Villager (Male) |
| 34:28 | Build | Farm |
| 35:01 | Build | Archery Range |
| 35:21 | Build | Building 673 |
| 35:30 | Build | Stone Wall |
| 36:10 | Build | Stable |
| 36:16 | Build | Stable |
| 36:45 | Build | Farm |
| 36:49 | Build | Farm |
| 37:09 | Build | Mining Camp |
| 37:47 | Build | Stone Wall |
| 37:54 | Create | Janissary |
| 37:54 | Create | Janissary |
| 37:54 | Create | Janissary |
| 37:54 | Create | Janissary |
| 37:55 | Create | Janissary |
| 37:55 | Create | Janissary |
| 37:55 | Create | Janissary |
| 37:56 | Create | Janissary |
| 37:56 | Create | Janissary |
| 37:56 | Create | Janissary |
| 37:56 | Create | Janissary |
| 38:44 | Create | Camel Scout |
| 39:03 | Create | Villager (Male) |
| 39:03 | Create | Villager (Male) |
| 39:04 | Create | Villager (Male) |
| 39:04 | Create | Villager (Male) |
| 39:07 | Research | Loom |
| 39:27 | Research | Thumb Ring |
| 39:37 | Research | Scale Barding Armor |
| 39:38 | Research | Scale Mail Armor |
| 39:38 | Research | Padded Archer Armor |
| 39:38 | Research | Forging |
| 39:39 | Research | Fletching |
| 39:44 | Create | Villager (Male) |
| 39:45 | Create | Villager (Male) |
| 39:45 | Create | Villager (Male) |
| 39:58 | Build | Stone Wall |
| 40:12 | Build | Farm |
| 40:17 | Build | Farm |
| 40:21 | Create | Villager (Male) |
| 40:21 | Create | Villager (Male) |
| 40:37 | Build | Farm |
| 40:44 | Build | Farm |
| 41:35 | Build | Monastery |
| 41:57 | Build | University |
| 42:41 | Create | Janissary |
| 42:41 | Create | Janissary |
| 42:41 | Create | Janissary |
Build order — Notavailable469
First 150 of 393 actions detected
| 0:23 | Build | Town Center |
| 2:51 | Create | Villager (Male) |
| 2:52 | Create | Villager (Male) |
| 2:52 | Create | Villager (Male) |
| 2:52 | Create | Villager (Male) |
| 2:52 | Create | Villager (Male) |
| 3:48 | Build | House |
| 4:18 | Build | House |
| 4:23 | Create | Villager (Male) |
| 4:23 | Create | Villager (Male) |
| 4:48 | Build | House |
| 5:04 | Build | House |
| 5:07 | Create | Villager (Male) |
| 5:08 | Create | Villager (Male) |
| 5:31 | Create | Villager (Male) |
| 5:31 | Create | Villager (Male) |
| 6:15 | Create | Villager (Male) |
| 6:15 | Create | Villager (Male) |
| 6:29 | Create | Villager (Male) |
| 6:29 | Create | Villager (Male) |
| 6:49 | Create | Villager (Male) |
| 6:49 | Create | Villager (Male) |
| 7:42 | Create | Villager (Male) |
| 7:43 | Create | Villager (Male) |
| 7:43 | Create | Villager (Male) |
| 7:56 | Research | Loom |
| 8:16 | Create | Villager (Male) |
| 8:16 | Create | Villager (Male) |
| 8:45 | Create | Villager (Male) |
| 8:45 | Create | Villager (Male) |
| 8:46 | Create | Villager (Male) |
| 8:46 | Create | Villager (Male) |
| 8:46 | Create | Villager (Male) |
| 9:39 | Create | Villager (Male) |
| 9:40 | Create | Villager (Male) |
| 10:23 | Build | Mill |
| 10:27 | Create | Villager (Male) |
| 10:27 | Create | Villager (Male) |
| 11:52 | Build | Dock |
| 11:57 | Create | Villager (Male) |
| 11:57 | Create | Villager (Male) |
| 11:57 | Create | Villager (Male) |
| 12:18 | Build | Lumber Camp |
| 12:30 | Research | Feudal Age |
| 12:38 | Create | Fishing Ship |
| 12:39 | Create | Fishing Ship |
| 12:39 | Create | Fishing Ship |
| 13:52 | Build | Mill |
| 14:40 | Build | Farm |
| 14:45 | Create | Villager (Male) |
| 14:45 | Create | Villager (Male) |
| 14:55 | Create | Fishing Ship |
| 15:13 | Build | House |
| 15:18 | Build | House |
| 15:26 | Build | House |
| 15:53 | Build | Building 487 |
| 16:06 | Build | Stone Wall |
| 16:15 | Build | Stone Wall |
| 16:32 | Build | Market |
| 16:48 | Build | Stone Wall |
| 17:01 | Build | Stone Wall |
| 17:15 | Build | Blacksmith |
| 17:22 | Create | Villager (Male) |
| 17:26 | Build | Farm |
| 17:27 | Build | Farm |
| 17:27 | Build | Farm |
| 17:27 | Build | Farm |
| 17:27 | Build | Farm |
| 17:28 | Build | Farm |
| 17:28 | Build | Farm |
| 17:52 | Build | Farm |
| 17:55 | Research | Castle Age |
| 18:08 | Build | Farm |
| 18:42 | Create | Transport Ship |
| 19:17 | Create | Villager (Male) |
| 19:18 | Create | Villager (Male) |
| 19:22 | Research | Double-Bit Axe |
| 19:30 | Build | Stone Wall |
| 19:40 | Build | Stone Wall |
| 20:41 | Build | Town Center |
| 21:11 | Create | Villager (Male) |
| 21:11 | Create | Villager (Male) |
| 21:11 | Create | Villager (Male) |
| 21:25 | Research | Bow Saw |
| 21:45 | Build | Farm |
| 21:46 | Build | Farm |
| 21:46 | Build | Farm |
| 21:46 | Build | Farm |
| 21:46 | Build | Farm |
| 21:47 | Build | Farm |
| 21:47 | Build | Farm |
| 22:00 | Create | Villager (Male) |
| 22:01 | Create | Villager (Male) |
| 22:01 | Create | Villager (Male) |
| 22:01 | Create | Villager (Male) |
| 22:23 | Create | Villager (Male) |
| 22:23 | Create | Villager (Male) |
| 22:23 | Create | Villager (Male) |
| 22:42 | Build | Farm |
| 22:42 | Build | Farm |
| 22:42 | Build | Farm |
| 22:43 | Build | Farm |
| 22:43 | Build | Farm |
| 22:43 | Build | Farm |
| 22:43 | Build | Farm |
| 22:54 | Create | Fishing Ship |
| 23:02 | Create | Villager (Male) ×2 |
| 23:02 | Create | Villager (Male) ×2 |
| 23:41 | Create | Villager (Male) |
| 23:41 | Create | Villager (Male) |
| 23:41 | Create | Villager (Male) |
| 23:59 | Build | Barracks |
| 24:04 | Create | Villager (Male) |
| 24:04 | Create | Villager (Male) |
| 24:05 | Create | Villager (Male) |
| 24:20 | Create | Villager (Male) |
| 24:21 | Create | Villager (Male) |
| 24:21 | Create | Villager (Male) |
| 24:21 | Create | Villager (Male) |
| 25:09 | Build | Castle |
| 25:19 | Build | House |
| 25:39 | Build | Lumber Camp |
| 25:55 | Create | Spearman |
| 26:06 | Build | Stable |
| 26:32 | Create | Villager (Male) |
| 26:32 | Create | Villager (Male) |
| 26:32 | Create | Villager (Male) |
| 26:33 | Create | Villager (Male) |
| 26:58 | Create | Villager (Male) |
| 26:58 | Create | Villager (Male) |
| 26:58 | Create | Villager (Male) |
| 27:05 | Create | Scout Cavalry |
| 27:05 | Create | Scout Cavalry |
| 27:16 | Build | Barracks |
| 27:17 | Build | Barracks |
| 27:21 | Create | Villager (Male) |
| 27:21 | Create | Villager (Male) |
| 27:42 | Create | Villager (Male) |
| 27:43 | Create | Villager (Male) |
| 27:43 | Create | Villager (Male) |
| 27:43 | Create | Villager (Male) |
| 27:43 | Create | Villager (Male) |
| 27:44 | Create | Villager (Male) |
| 28:22 | Create | Knight |
| 28:22 | Create | Knight |
| 28:28 | Create | Spearman |
| 28:28 | Create | Spearman |
| 28:43 | Build | Stable |
| 29:01 | Research | Pikeman (upgrade) |
| 29:04 | Research | Scale Barding Armor |
Build order — LudwigWittgenstein
First 150 of 360 actions detected
| 0:48 | Build | Town Center |
| 1:03 | Build | House |
| 1:04 | Build | House |
| 2:41 | Create | Villager (Male) |
| 2:41 | Create | Villager (Male) |
| 2:42 | Create | Villager (Male) |
| 2:42 | Create | Villager (Male) |
| 2:43 | Research | Loom |
| 4:04 | Create | Villager (Male) |
| 4:27 | Build | Mill |
| 4:56 | Create | Villager (Male) |
| 5:08 | Create | Villager (Male) |
| 5:17 | Build | House |
| 5:31 | Create | Villager (Male) |
| 5:52 | Create | Villager (Male) |
| 5:58 | Build | House |
| 7:05 | Create | Villager (Male) |
| 7:06 | Create | Villager (Male) |
| 8:11 | Create | Villager (Male) |
| 8:13 | Create | Villager (Male) |
| 8:36 | Create | Villager (Male) |
| 9:31 | Create | Villager (Male) |
| 9:32 | Create | Villager (Male) |
| 9:38 | Build | Lumber Camp |
| 9:44 | Create | Villager (Male) |
| 9:45 | Create | Villager (Male) |
| 10:34 | Create | Villager (Male) |
| 10:34 | Create | Villager (Male) |
| 10:45 | Create | Villager (Male) |
| 10:57 | Build | House |
| 10:59 | Build | House |
| 11:21 | Build | Farm |
| 11:47 | Build | Farm |
| 12:13 | Build | House |
| 12:30 | Create | Villager (Male) |
| 12:47 | Build | Mining Camp |
| 13:02 | Build | Farm |
| 13:04 | Research | Feudal Age |
| 13:44 | Build | House |
| 13:45 | Build | House |
| 13:48 | Build | House |
| 13:50 | Build | House |
| 13:51 | Build | House |
| 13:53 | Build | House |
| 13:57 | Build | House |
| 14:02 | Create | Villager (Male) |
| 14:02 | Create | Villager (Male) |
| 14:33 | Build | Mill |
| 14:38 | Create | Villager (Male) |
| 14:39 | Create | Villager (Male) |
| 15:14 | Age | Feudal Age |
| 15:18 | Research | Double-Bit Axe |
| 15:49 | Build | Market |
| 15:56 | Build | Blacksmith |
| 16:02 | Create | Villager (Male) |
| 16:08 | Build | Farm |
| 16:12 | Build | Farm |
| 16:19 | Build | Farm |
| 16:23 | Build | Farm |
| 16:28 | Build | Farm |
| 16:34 | Build | Farm |
| 16:38 | Create | Villager (Male) |
| 16:48 | Research | Horse Collar |
| 16:51 | Create | Villager (Male) |
| 17:00 | Build | Farm |
| 17:35 | Create | Villager (Male) |
| 17:51 | Build | Stone Wall |
| 17:57 | Create | Villager (Male) |
| 18:08 | Build | Lumber Camp |
| 18:15 | Build | Barracks |
| 18:28 | Build | Mining Camp |
| 18:34 | Create | Villager (Male) |
| 18:42 | Build | Farm |
| 18:57 | Create | Villager (Male) |
| 19:07 | Build | Dock |
| 19:20 | Research | Man-at-Arms (upgrade) |
| 19:22 | Create | Spearman |
| 19:40 | Create | Villager (Male) |
| 19:40 | Create | Villager (Male) |
| 19:47 | Build | Farm |
| 19:52 | Build | Farm |
| 20:15 | Build | Farm |
| 20:31 | Create | Villager (Male) |
| 20:37 | Build | Farm |
| 20:59 | Create | Villager (Male) |
| 21:07 | Build | Farm |
| 21:32 | Build | Farm |
| 21:37 | Create | Villager (Male) |
| 21:50 | Research | Castle Age |
| 21:58 | Build | Mill |
| 22:05 | Build | Farm |
| 22:17 | Create | Militia |
| 22:17 | Create | Militia |
| 22:31 | Research | Gold Mining |
| 22:51 | Create | Villager (Male) |
| 24:02 | Research | Stone Mining |
| 24:17 | Create | Militia |
| 24:42 | Age | Castle Age |
| 24:44 | Build | Town Center |
| 25:23 | Build | Mining Camp |
| 25:40 | Build | Town Center |
| 25:54 | Create | Villager (Male) |
| 25:54 | Create | Villager (Male) |
| 25:55 | Create | Villager (Male) |
| 25:57 | Research | Wheelbarrow |
| 25:57 | Research | Town Watch |
| 25:58 | Create | Villager (Male) |
| 26:41 | Create | Militia |
| 26:41 | Create | Militia |
| 26:41 | Create | Militia |
| 27:22 | Build | Town Center |
| 27:25 | Create | Villager (Male) |
| 27:25 | Create | Villager (Male) |
| 27:25 | Create | Villager (Male) |
| 27:26 | Create | Villager (Male) |
| 28:04 | Create | Villager (Male) |
| 28:04 | Create | Villager (Male) |
| 28:04 | Create | Villager (Male) |
| 28:05 | Create | Villager (Male) |
| 28:05 | Create | Villager (Male) |
| 28:05 | Create | Villager (Male) |
| 28:18 | Build | Mining Camp |
| 28:24 | Research | Pikeman (upgrade) |
| 28:25 | Research | Squires |
| 28:46 | Create | Villager (Male) |
| 28:47 | Create | Villager (Male) |
| 28:47 | Create | Villager (Male) |
| 28:47 | Create | Villager (Male) |
| 29:05 | Create | Villager (Male) |
| 29:05 | Create | Villager (Male) |
| 29:07 | Create | Villager (Male) |
| 29:08 | Create | Villager (Male) |
| 29:08 | Create | Villager (Male) |
| 29:29 | Build | Farm |
| 29:55 | Build | Lumber Camp |
| 29:59 | Build | Farm |
| 30:03 | Build | Farm |
| 30:08 | Build | Farm |
| 30:39 | Build | Farm |
| 30:50 | Research | Hand Cart |
| 30:51 | Create | Villager (Male) |
| 30:51 | Create | Villager (Male) |
| 30:52 | Create | Villager (Male) |
| 30:52 | Create | Villager (Male) |
| 30:52 | Create | Villager (Male) |
| 31:00 | Build | Archery Range |
| 31:04 | Create | Villager (Male) |
| 31:29 | Build | Farm |
| 31:33 | Build | Farm |
| 31:40 | Build | Farm |
Match timeline
| 2:50 | filas95 · first_building Dock |
| 8:07 | Friedrich der Teufelsjäger · first_building Dock |
| 8:37 | Swebbington · first_building Dock |
| 10:10 | Crollo · first_building Dock |
| 11:47 | filas95 · first_building Barracks |
| 11:52 | Notavailable469 · first_building Dock |
| 15:14 | LudwigWittgenstein · age_up feudal |
| 15:24 | Swebbington · first_building Barracks |
| 15:30 | filas95 · age_up feudal |
| 15:33 | Swebbington · age_up feudal |
| 16:06 | Notavailable469 · wall_segment Stone Wall x9 |
| 16:15 | Notavailable469 · wall_segment Stone Wall x8 |
| 16:39 | Swebbington · first_building Archery Range |
| 16:44 | Swebbington · wall_segment Palisade Wall x1 |
| 16:48 | Notavailable469 · wall_segment Stone Wall x10 |
| 16:52 | Friedrich der Teufelsjäger · first_building Barracks |
| 17:01 | Notavailable469 · wall_segment Stone Wall x4 |
| 17:51 | LudwigWittgenstein · wall_segment Stone Wall x6 |
| 18:15 | LudwigWittgenstein · first_building Barracks |
| 18:18 | Swebbington · first_building Stable |
| 18:35 | Friedrich der Teufelsjäger · age_up feudal |
| 18:56 | Crollo · age_up feudal |
| 19:07 | LudwigWittgenstein · first_building Dock |
| 19:30 | Notavailable469 · wall_segment Stone Wall x7 |
| 19:40 | Notavailable469 · wall_segment Stone Wall x1 |
| 19:49 | filas95 · first_building Archery Range |
| 19:55 | filas95 · wall_segment Palisade Wall x1 |
| 20:08 | Notavailable469 · first_market_sell 100 food |
| 20:10 | Notavailable469 · first_market_buy 100 stone |
| 21:23 | Crollo · wall_segment Stone Wall x1 |
| 21:43 | LudwigWittgenstein · first_market_sell 100 wood |
| 21:44 | LudwigWittgenstein · first_market_buy 100 food |
| 22:21 | Friedrich der Teufelsjäger · first_building Archery Range |
| 23:30 | filas95 · age_up castle |
| 23:56 | Swebbington · age_up castle |
| 23:58 | filas95 · first_building Castle |
| 23:59 | Notavailable469 · first_building Barracks |
| 24:42 | LudwigWittgenstein · age_up castle |
| 25:09 | Notavailable469 · first_building Castle |
| 25:20 | Friedrich der Teufelsjäger · first_building Stable |
| 25:34 | Crollo · age_up castle |
| 26:06 | Notavailable469 · first_building Stable |
| 26:19 | Crollo · first_building Barracks |
| 26:48 | Crollo · first_market_buy 100 wood |
| 27:55 | Crollo · first_market_sell 100 food |
| 28:13 | Crollo · first_building Stable |
| 28:13 | Friedrich der Teufelsjäger · age_up castle |
| 30:39 | Notavailable469 · tribute_sent a jugador 1 |
| 30:39 | Notavailable469 · tribute_sent a jugador 2 |
| 30:39 | Notavailable469 · tribute_sent a jugador 3 |
| 30:39 | Notavailable469 · tribute_sent a jugador 5 |
| 30:39 | Notavailable469 · tribute_sent a jugador 6 |
| 31:00 | LudwigWittgenstein · first_building Archery Range |
| 31:04 | Crollo · first_building Archery Range |
| 31:25 | filas95 · first_building Siege Workshop |
| 31:51 | Swebbington · first_building Castle |
| 32:03 | LudwigWittgenstein · first_building Monastery |
| 33:36 | Crollo · first_building Castle |
| 33:51 | Crollo · wall_segment Stone Wall x9 |
| 35:05 | Friedrich der Teufelsjäger · first_building Siege Workshop |
| 35:30 | Crollo · wall_segment Stone Wall x5 |
| 35:35 | Swebbington · first_building Monastery |
| 36:08 | Friedrich der Teufelsjäger · first_building Monastery |
| 36:56 | Friedrich der Teufelsjäger · first_market_sell 100 food |
| 37:38 | Friedrich der Teufelsjäger · first_building Castle |
| 37:47 | Crollo · wall_segment Stone Wall x10 |
| 39:58 | Crollo · wall_segment Stone Wall x10 |
| 39:59 | LudwigWittgenstein · first_building Castle |
| 40:34 | Notavailable469 · first_building Siege Workshop |
| 40:54 | Swebbington · first_market_sell 100 food |
| 41:35 | Crollo · first_building Monastery |
| 44:13 | Swebbington · age_up imperial |
| 44:52 | filas95 · age_up imperial |
| 45:26 | Swebbington · wall_segment Stone Wall x11 |
| 46:54 | filas95 · first_market_sell 500 food |
| 47:35 | Crollo · wall_segment Stone Wall x7 |
| 48:32 | Swebbington · first_building Siege Workshop |
| 49:08 | Swebbington · wall_segment Stone Wall x4 |
| 49:28 | Friedrich der Teufelsjäger · age_up imperial |
| 52:10 | Crollo · age_up imperial |
| 54:10 | Friedrich der Teufelsjäger · first_market_buy 100 wood |
| 60:36 | Friedrich der Teufelsjäger · resign |
[ AI ANALYSIS · 1 CREDIT ]
What really happened in this match?
Wolo.gg analyzes every decision: build order, eco, micro, common mistakes by bracket. Personalized analysis on WhatsApp or Discord in 30 seconds.
Civ guide
Vikings
Map guide
MegaRandom
Perfil
filas95